 Dungeon Sprint DCSS version 0.28.0-43-g3370ac3207 (webtiles) character file.

Game seed: 3025899705847970845

3900000 smarlow the Archmage (level 23, -1/201 HPs)
             Began as a Djinni Warper on Mar 2, 2022.
             Was the Champion of Makhleb.
             Slain by a destroyer
             ... wielding a +9 vorpal great sword
              (9 damage)
             ... in the Dungeon (Sprint VIII: "Arena of Blood").
             The game lasted 00:02:55 (39 turns).

smarlow the Archmage (Djinni Warper)                  Turns: 39, Time: 00:02:57

Health: -1/201     AC:  6    Str: 12    XL:     23   Next: 62%
Gold:   0          EV: 32    Int: 16    God:    Makhleb [******] SH:  0 Dex: 21

rFire   + + .      SeeInvis .   i - +∞ Axe of Woe
rCold   x . .      Faith    .   (shield currently unavailable)
rNeg    . . .      Spirit   .   b - +0 leather armour
rPois   ∞          Reflect  .   (no helmet)
rElec   .          Harm     .   (no cloak)
rCorr   .          Rampage  .   (no gloves)
Will    ++...      NoTele   +   (boots unavailable)
Stlth   +++++.....              (no amulet)
HPRegen 0.43/turn               (no ring)
MPRegen 0.00/turn               (no ring)

@: flying
A: sickness immunity, fire resistance 2, cold vulnerability 1, float, innate
caster, HP casting, extra vitality 1
a: Renounce Religion, Minor Destruction, Lesser Servant of Makhleb, Major
Destruction, Greater Servant of Makhleb


You were in the Dungeon.
You worshipped Makhleb.
Makhleb was exalted by your worship.
You visited 1 branch

Inventory:

Hand Weapons
 a - a +0 hand axe
 i - the +∞ Axe of Woe (weapon)
   (You found it in the Dungeon)
Missiles
 d - 5 boomerangs of dispersal (quivered)
Armour
 b - a +0 leather armour (worn)
Scrolls
 c - 2 scrolls of blinking
Potions
 e - a potion of curing
 f - a potion of heal wounds
 g - a potion of haste
 h - a potion of berserk rage


   Skills:
 O Level 27 Fighting
 + Level 13.0(15.2) Short Blades
 + Level 13.0(15.2) Long Blades
 O Level 27 Axes
 + Level 12.0(22.1) Maces & Flails
 + Level 12.0(22.1) Polearms
 + Level 13.0(17.1) Staves
 + Level 12.0(21.0) Slings
 + Level 12.0 Bows
 + Level 12.0 Crossbows
 O Level 27 Throwing
 O Level 27 Armour
 O Level 27 Dodging
 + Level 13.0 Stealth
 + Level 13.2 Shields
 + Level 13.2 Unarmed Combat
 O Level 27 Spellcasting
 + Level 13.2 Invocations
 + Level 13.2 Evocations


You had 9 spell levels left.
You knew the following spells:

 Your Spells              Type           Power      Damage    Failure   Level
a - Blink                 Tloc           100%       N/A       0%          2
b - Lesser Beckoning      Tloc           82%        N/A       0%          3
c - Gell's Gravitas       Tloc           82%        N/A       0%          3
d - Teleport Other        Tloc           82%        N/A       0%          3
e - Manifold Assault      Tloc           82%        N/A       0%          5
f - Slow                  Hex            100%       N/A       0%          1
g - Corpse Rot            Necr/Air       100%       N/A       0%          2
h - Mephitic Cloud        Conj/Pois/Air  82%        N/A       0%          3
i - Portal Projectile     Hex/Tloc       100%       N/A       0%          3
j - Summon Forest         Summ/Tloc      41%        N/A       0%          5
k - Agony                 Necr           82%        N/A       0%          5
l - Conjure Ball Lightni  Conj/Air       41%        3x3d13    0%          6
m - Dispersal             Tloc           41%        N/A       0%          6
n - Summon Cactus Giant   Summ           41%        N/A       0%          6
o - Dragon Form           Tmut           41%        N/A       1%          7
p - Storm Form            Tmut/Air       41%        N/A       1%          7
Your spell library was empty.

Dungeon Overview and Level Annotations

Branches:
Dungeon (1/1)

Altars:
Makhleb


Innate Abilities, Weirdness & Mutations

You are immune to sickness and miasma.
You are immune to poison.
Your flesh is very heat resistant. (rF++)
You are vulnerable to cold. (rC-)
You float through the air rather than walking.
You learn spells naturally, not from books.
Your magical power is your life essence.
You have superior vitality. (+4 MHP)


Message History

Your Evocations skill increases to level 13!
Casting: Blink (safe; 0% risk of failure)
Confirm with . or Enter, or press ? or * to list all spells.
You blink. 2 bags of meat, 4 ogres, a destroyer and a sculptor of flesh come into view.
The destroyer is wielding a +9 vorpal great sword.
The bag of meat shouts!
The meat berserker shouts!
The large bag of meat shouts in stereo!
The destroyer shouts!
The large bag of meat shouts in stereo! x2; You hear a shout! x3
A bag of meat comes into view. It is wielding a +9 war axe.
You hear a shout! x3
A meat berserker comes into view. It is wielding a +9 battleaxe.
You hear a shout! x2
The destroyer casts a spell at you.
The destroyer blinks!
You hit the sculptor of flesh.
You pulverise the sculptor of flesh into a thin bloody mist.
You destroy the sculptor of flesh!
Makhleb accepts your kill.
You feel better.
You hear a shout! x7
Your base Short Blades skill increases to level 13!
Your base Long Blades skill increases to level 13!
Your base Maces & Flails skill increases to level 12!
Your base Polearms skill increases to level 12!
Your base Staves skill increases to level 13!
Your base Slings skill increases to level 12!
Your Bows skill increases to level 12!
Your Crossbows skill increases to level 12!
Your Stealth skill increases to level 13!
Really fly into that cloud of flame?
Okay, then.
Really fly into that cloud of flame?
You are engulfed in blazing flames.
You resist.
You hear a shout! x5
The destroyer hits you with a +9 vorpal great sword!!!!
Ouch! That really hurt!
* * * LOW HITPOINT WARNING * * *
x2 The destroyer bites you!
You die...

.....#.)...#.....
...#........_.......
..o.......)###......
..O...###.......###.
...O....#.......# .o..
........#)).....#
oo...#........).)......
.O..#.#.#....°)))......
....o#.#.z..).@........
#..O#°#.#..OV.OV.......
#.°.#.#.....#....o...#
#.....DO))......O....#
#.)O)).)##.#...z...
##)§).........oO...
#......####....#.....
####.... ..........
####.. .....


You could see an eight-headed meat hydra, 2 destroyers, 2 sculptors of flesh, 6
large bags of meat, 2 meat berserkers and 3 bags of meat.

Vanquished Creatures
  2 vampire knights (D)
  11 ogres (D)
  A two-headed ogre (D)
  39 orcs (D)
  A skeletal warrior (D)
54 creatures vanquished.

Notes
Turn   | Place    | Note
-------+----------+-------------------------------------------
     0 | D        | Found the +∞ Axe of Woe
     0 | D        | smarlow the Djinni Warper began the quest for the Orb.
     0 | D        | Reached XP level 1. HP: 18/18 MP: 0/0
     2 | D        | Noticed a meat berserker
     3 | D        | Became a worshipper of Makhleb the Destroyer
     4 | D        | Noticed a bag of meat
     4 | D        | Noticed a bag of meat
     5 | D        | Killed a meat berserker
     5 | D        | Noticed a bag of meat
     5 | D        | Noticed a bag of meat
     6 | D        | Reached skill level 10 in Fighting
     6 | D        | Reached XP level 2. HP: 36/36 MP: 0/0
     6 | D        | Reached XP level 3. HP: 41/41 MP: 0/0
     6 | D        | Learned a level 1 spell: Slow
     6 | D        | Reached XP level 4. HP: 47/47 MP: 0/0
     6 | D        | Reached XP level 5. HP: 52/52 MP: 0/0
     6 | D        | Learned a level 2 spell: Corpse Rot
     6 | D        | Reached XP level 6. HP: 58/58 MP: 0/0
     6 | D        | Reached XP level 7. HP: 64/64 MP: 0/0
     6 | D        | Learned a level 3 spell: Mephitic Cloud
     6 | D        | Reached XP level 8. HP: 69/69 MP: 0/0
     6 | D        | Reached XP level 9. HP: 75/75 MP: 0/0
     6 | D        | Learned a level 3 spell: Portal Projectile
     6 | D        | Reached XP level 10. HP: 81/81 MP: 0/0
     6 | D        | Reached XP level 11. HP: 86/86 MP: 0/0
     6 | D        | Learned a level 5 spell: Summon Forest
     6 | D        | Reached XP level 12. HP: 92/92 MP: 0/0
     7 | D        | Noticed a bag of meat
     7 | D        | Noticed a meat berserker
     9 | D        | Killed a meat berserker
     9 | D        | Reached * piety under Makhleb
     9 | D        | Noticed a bag of meat
     9 | D        | Noticed a bag of meat
     9 | D        | Noticed a bag of meat
    10 | D        | Reached XP level 13. HP: 35/103 MP: 0/0
    10 | D        | Learned a level 5 spell: Agony
    10 | D        | Killed a bag of meat
    10 | D        | Noticed a bag of meat
    11 | D        | Reached XP level 14. HP: 57/112 MP: 0/0
    11 | D        | Noticed a bag of meat
    11 | D        | Noticed a bag of meat
    11 | D        | Noticed a bag of meat
    11 | D        | Noticed a bag of meat
    11 | D        | Noticed a bag of meat
    11 | D        | Noticed a bag of meat
    11 | D        | Noticed a bag of meat
    11 | D        | Noticed a bag of meat
    11 | D        | Noticed a bag of meat
    11 | D        | Noticed a bag of meat
    11 | D        | Noticed a large bag of meat
    11 | D        | Noticed a bag of meat
    11 | D        | Noticed a bag of meat
    11 | D        | Noticed a bag of meat
    11 | D        | Noticed a bag of meat
    11 | D        | Noticed a bag of meat
    11 | D        | Noticed a meat berserker
    11 | D        | Noticed a bag of meat
    12 | D        | Killed a bag of meat
    12 | D        | Killed a bag of meat
    12 | D        | Reached ** piety under Makhleb
    12 | D        | Noticed a meat berserker
    13 | D        | Reached skill level 15 in Fighting
    13 | D        | Reached skill level 15 in Axes
    13 | D        | Reached skill level 5 in Armour
    13 | D        | Killed a bag of meat
    13 | D        | Killed a bag of meat
    13 | D        | Killed a bag of meat
    13 | D        | Reached *** piety under Makhleb
    13 | D        | Noticed a bag of meat
    13 | D        | Noticed a bag of meat
    13 | D        | Noticed a meat berserker
    14 | D        | Reached XP level 15. HP: 86/123 MP: 0/0
    14 | D        | Learned a level 6 spell: Conjure Ball Lightning
    14 | D        | Reached **** piety under Makhleb
    15 | D        | Reached skill level 5 in Throwing
    15 | D        | Reached skill level 15 in Dodging
    15 | D        | Reached XP level 16. HP: 135/135 MP: 0/0
    15 | D        | Reached ***** piety under Makhleb
    16 | D        | Reached XP level 17. HP: 144/144 MP: 0/0
    16 | D        | Learned a level 6 spell: Dispersal
    16 | D        | Killed a large bag of meat
    16 | D        | Killed a meat berserker
    16 | D        | Noticed a meat berserker
    17 | D        | Reached skill level 27 in Axes
    17 | D        | Reached skill level 27 in Spellcasting
    17 | D        | Reached XP level 18. HP: 146/161 MP: 0/0
    17 | D        | Killed a meat berserker
    17 | D        | Reached ****** piety under Makhleb
    17 | D        | Noticed a meat berserker
    17 | D        | Noticed a meat berserker
    17 | D        | Noticed a meat berserker
    18 | D        | Reached skill level 27 in Fighting
    18 | D        | Reached XP level 19. HP: 169/174 MP: 0/0
    18 | D        | Learned a level 6 spell: Summon Cactus Giant
    19 | D        | Noticed a meat berserker
    19 | D        | Noticed a destroyer
    20 | D        | Killed a meat berserker
    22 | D        | Killed a meat berserker
    23 | D        | Reached skill level 27 in Dodging
    23 | D        | Reached XP level 20. HP: 181/181 MP: 0/0
    23 | D        | Killed a meat berserker
    24 | D        | Noticed a meat berserker
    25 | D        | Killed a destroyer
    25 | D        | Killed a meat berserker
    26 | D        | Reached skill level 27 in Throwing
    26 | D        | Reached skill level 27 in Armour
    26 | D        | Reached XP level 21. HP: 187/187 MP: 0/0
    26 | D        | Learned a level 7 spell: Dragon Form
    26 | D        | Killed a meat berserker
    27 | D        | Killed a meat berserker
    28 | D        | Reached XP level 22. HP: 194/194 MP: 0/0
    28 | D        | Noticed a large bag of meat
    28 | D        | Noticed an eight-headed meat hydra
    28 | D        | Noticed a destroyer
    28 | D        | Noticed a large bag of meat
    30 | D        | Killed a destroyer
    30 | D        | Noticed a large bag of meat
    30 | D        | Noticed a meat berserker
    32 | D        | Reached skill level 10 in Short Blades
    32 | D        | Reached skill level 10 in Long Blades
    32 | D        | Reached skill level 10 in Staves
    32 | D        | Reached skill level 10 in Stealth
    32 | D        | Killed a meat berserker
    33 | D        | Reached skill level 10 in Maces & Flails
    33 | D        | Reached skill level 10 in Polearms
    33 | D        | Reached skill level 10 in Slings
    33 | D        | Reached skill level 10 in Bows
    33 | D        | Reached skill level 10 in Crossbows
    33 | D        | Reached XP level 23. HP: 201/201 MP: 0/0
    33 | D        | Learned a level 7 spell: Storm Form
    37 | D        | Noticed a destroyer
    37 | D        | Noticed a large bag of meat
    37 | D        | Noticed a destroyer
    37 | D        | Noticed a large bag of meat
    37 | D        | Noticed a large bag of meat
    39 | D        | HP: 8/201 [destroyer/+9 vorpal great sword (21)]
    39 | D        | Slain by a destroyer

Illustrated notes

Levels and vault maps discovered:
D:        meatsprint

Skill      XL: |  1  2  3  4  5  6  7  8  9 10 11 12 13 14 15 16 17 18 19 20 21 22 23 |
---------------+----------------------------------------------------------------------+-----
Fighting       | 10 13 14 16 19 20 24 27 | 27.0
Axes           | 9 12 13 17 20 22 27 | 27.0
Throwing       | 3 4 5 6 8 16 27 | 27.0
Armour         | 3 4 6 7 8 12 22 27 | 27.0
Dodging        | 11 12 13 14 15 16 20 27 | 27.0
Spellcasting   | 18 20 21 23 25 26 27 | 27.0
Short Blades   | 6 11 13 | 13.0
Long Blades    | 6 11 13 | 13.0
Maces & Flails | 6 10 12 | 12.0
Polearms       | 6 10 12 | 12.0
Staves         | 6 11 13 | 13.0
Slings         | 6 10 12 | 12.0
Bows           | 6 10 12 | 12.0
Crossbows      | 6 10 12 | 12.0
Stealth        | 6 11 13 | 13.0
Shields        | 7 12 13 | 13.2
Unarmed Combat | 7 11 13 | 13.2
Invocations    | 7 12 13 | 13.2
Evocations     | 7 12 13 | 13.2

Action                   |  1- 3 |  4- 6 |  7- 9 | 10-12 | 13-15 | 16-18 | 19-21 | 22-24 || total
-------------------------+-------+-------+-------+-------+-------+-------+-------+-------++-------
Melee: Executioner's axe |     1 |       |       |     1 |     4 |     3 |     7 |     9 ||    25
 Cast: Blink             |       |       |       |     1 |     1 |       |     1 |     1 ||     4
Dodge: Dodged            |       |       |       |       |       |       |     3 |       ||     3
